 Dungeon Crawl Stone Soup version 0.24.0-1-gfbc8707122 (webtiles) character file.

Game seed: 14540831866924351781, levelgen mode: deterministic

30 Descartes the Skirmisher (level 3, -7/29 HPs)
             Began as a Formicid Abyssal Knight on Oct 26, 2019.
             Was a Follower of Lugonu.
             Mangled by a worm (10 damage)
             ... on level 2 of the Dungeon.
             The game lasted 00:02:41 (886 turns).

Descartes the Skirmisher (Formicid Abyssal Knight)   Turns: 886, Time: 00:02:41

Health: -7/29      AC:  3    Str: 17    XL:     3   Next: 35%
Magic:  4/4        EV:  8    Int: 11    God:    Lugonu [*.....]
Gold:   48         SH:  7    Dex: 10    Spells: 2/2 levels left

rFire    . . .     SeeInvis +   a - +1 hand axe
rCold    . . .     Gourm    .   m - +0 shield
rNeg     . . .     Faith    .   b - +0 leather armour
rPois    .         Spirit   .   (helmet unavailable)
rElec    .         Reflect  .   (no cloak)
rCorr    .         Harm     .   (no gloves)
MR       .....                  (no boots)
Stlth    ..........             (no amulet)
HPRegen  0.09/turn              o - ring of attention (curse)
MPRegen  0.09/turn              (no ring)

@: no status effects
A: permanent stasis, dig shafts and tunnels, four strong arms, antennae 3
a: Dig, Shaft Self, Depart the Abyss, Renounce Religion


You were on level 2 of the Dungeon.
You worshipped Lugonu.
Lugonu was aware of your devotion.
You were not hungry.

You visited 1 branch of the dungeon, and saw 2 of its levels.
You visited the Abyss 1 time.

You collected 48 gold pieces.

Inventory:

Hand Weapons
 a - a +1 hand axe (weapon)
Missiles
 g - 24 bolts
 h - 23 poisoned darts (quivered)
 i - 43 stones
Armour
 b - a +0 leather armour (worn)
 m - a +0 shield (worn)
Jewellery
 o - a cursed ring of attention (left hand)
Wands
 e - a wand of random effects (20)
Potions
 d - a potion of haste {unknown}
 f - 2 potions of lignification
 j - a potion of invisibility {unknown}
 k - a potion of heal wounds {unknown}
 n - a potion of resistance {unknown}
Comestibles
 c - 3 rations
 l - a chunk of flesh


   Skills:
 + Level 3.5 Fighting
 + Level 2.2 Axes
 + Level 2.5 Armour
 + Level 1.3 Dodging
 * Level 0.5 Shields
 + Level 2.6 Invocations
 + Level 0.6 Evocations


You had 2 spell levels left.
You didn't know any spells.
Your spell library was empty.

Dungeon Overview and Level Annotations

Branches:
Dungeon (2/15)

Altars:


Innate Abilities, Weirdness & Mutations

You cannot be hasted, slowed, berserked, paralysed or teleported.
You can dig through walls and to a lower floor.
Your four strong arms can wield two-handed weapons with a shield.
You have a pair of large antennae on your head. (SInv)


Message History

The worm bites you but does no damage.
Found a flail.
You barely miss the worm. The worm bites you!
You are too injured to fight recklessly!
You are too injured to fight recklessly!
You hit the worm.
The worm is lightly wounded.
You hit the worm.
The worm is heavily wounded.
You block the worm's attack.
You hit the worm but do no damage.
The worm is heavily wounded.
The worm bites you!
* * * LOW HITPOINT WARNING * * *
You hit the worm.
The worm is heavily wounded.
You hit the worm.
The worm is almost dead.
The worm bites you!
You die...

###############
#.............#
#.###########.#
###.###########.###
#..@.#......#.....#
........w#......#.....#
............>...#.....#
..................)...#
......#.#........รท....#
#######.#.............##
#.#.##............
#)#.##............
...............


You could see a worm.

Vanquished Creatures
  2 oozes
  2 dart slugs (D:1)
  A giant cockroach (D:1)
  2 hobgoblins (D:1)
  4 bats (D:1)
  4 goblins (D:1)
  3 kobolds
  3 rats
21 creatures vanquished.

Notes
Turn   | Place    | Note
-------+----------+-------------------------------------------
     0 | Abyss:1  | Descartes the Formicid Abyssal Knight began the quest for
                  | the Orb.
     0 | Abyss:1  | Reached XP level 1. HP: 18/18 MP: 2/2
    44 | Abyss:2  | Found a corrupted altar of Lugonu.
    45 | Abyss:2  | Noticed an ancient zyme
    88 | Abyss:2  | Noticed a thrashing horror
    89 | Abyss:2  | Noticed a thrashing horror
    91 | D:1      | Escaped the Abyss
   176 | D:1      | Reached * piety under Lugonu
   180 | D:1      | Reached skill level 1 in Dodging
   180 | D:1      | Reached XP level 2. HP: 6/24 MP: 3/3
   674 | D:1      | Reached XP level 3. HP: 24/29 MP: 4/4
   886 | D:2      | Mangled by a worm

Levels and vault maps discovered:
D:1:      ebering_trefoil_twist, layout_rooms, minmay_pentomino_w2
D:2:      layout_basic, overflow_temple_1_default

Skill      XL: |  1 |
---------------+----+-----
Dodging        | 1 |  1.3
Fighting       | |  3.5
Axes           | |  2.2
Armour         | |  2.5
Shields        | |  0.5
Invocations    | |  2.6
Evocations     | |  0.6

Action                   || total
-------------------------++-------
Melee: Hand axe          ||    73
Invok: Depart the Abyss  ||     1
  Use: Scroll            ||     2
Armor: Leather armour    ||    29
Dodge: Dodged            ||    46
Block: Shield            ||     7
